Map: Lightshade LE

Players

Reynor

  • Race: Zerg Zerg
  • Spawn Location: 5:00

Ragnarok (SHIN) - Winner!

  • Race: Zerg Zerg
  • Spawn Location: 11:00

Event: TSL 6

VOD

Have the link to the VOD?

Description

Time

  • Played on: Dec. 19, 2020, 10:28 a.m.
  • Length: 6:13

All games in this series

Show
View Real Time Build Order
Export as new Build Order

Reynor Zerg 

Build Orders: Hatch First 

Get SALT Encoding   

  12  0:00  Drone  
  13  0:12  Overlord  
  13  0:16  Drone  
  14  0:30  Drone x2  
  16  0:48  Hatchery  
  15  0:51  Drone  
  15  0:54  Drone  
  17  1:08  Spawning Pool  
  17  1:11  Drone  
  17  1:12  Extractor  
  17  1:16  Drone  
  17  1:20  Drone  
  18  1:28  Drone  
  19  1:38  Drone  
  20  1:50  Drone  
  21  1:55  Extractor, Queen  
  21  2:00  Overlord, Queen  
  25  2:01  Zergling x2  
  26  2:10  Drone  
  26  2:11  Drone  
  26  2:12  Metabolic Boost  
  28  2:22  Drone x2  
  30  2:37  Hatchery  
  30  2:39  Drone  
  30  2:43  Drone x2  
  31  2:52  Baneling Nest  
  31  2:53  Drone x2  
  32  3:03  Overlord  
  32  3:05  Drone  
  33  3:06  Drone  
  33  3:07  Drone  
  33  3:11  Overlord  
  35  3:22  Zergling x8  
  39  3:28  Zergling x2  
  39  3:32  Zergling x2  
  41  3:35  Extractor, Roach Warren  
  41  3:36  Baneling  
  41  3:37  Zergling x6  
  42  3:42  Zergling x6  
  46  3:51  Baneling x2  
  46  3:53  Drone x2  
  46  3:54  Hatchery  
  46  4:01  Drone  
  47  4:04  Overlord  
  47  4:18  Roach x2  
  47  4:20  Hatchery  
  47  4:23  Roach  
  52  4:24  Roach  
  52  4:25  Roach x2  
  52  4:26  Overlord  
  58  4:37  Overlord  
  58  4:44  Roach  
  58  4:45  Roach x3  
  66  4:47  Overlord  
  66  4:55  Overlord  
  66  5:02  Zergling x6  
  66  5:03  Zergling x2  
  66  5:07  Ravager x2  
  72  5:08  Zergling x2  
  72  5:11  Zergling x8  
  77  5:16  Ravager  
  77  5:19  Zergling x2  
  79  5:23  Zergling x6  
  79  5:27  Zergling x2  
  83  5:31  Zergling x2  
  79  5:35  Zergling x2  
  79  5:37  Queen  
  79  5:40  Zergling x6  
  79  5:43  Ravager x2  
  79  5:45  Zergling x4  
  79  5:49  Zergling x2  
  71  5:52  Zergling x8  
  71  5:56  Zergling x2  
Show
View Real Time Build Order
Export as new Build Order

Ragnarok Zerg - Winner!

Build Orders: Hatch First 

Get SALT Encoding   

  12  0:00  Drone  
  13  0:12  Overlord  
  13  0:17  Drone  
  14  0:30  Drone  
  14  0:31  Drone  
  16  0:47  Hatchery  
  15  0:51  Drone  
  15  0:54  Drone  
  17  0:58  Drone  
  17  1:00  Extractor  
  17  1:13  Spawning Pool  
  17  1:17  Drone  
  17  1:20  Drone  
  18  1:28  Drone  
  19  1:38  Drone  
  20  1:52  Drone  
  21  2:00  Zergling x2, Queen  
  21  2:01  Queen  
  26  2:02  Overlord  
  26  2:06  Metabolic Boost  
  26  2:12  Drone x2  
  28  2:22  Drone x2  
  30  2:38  Hatchery  
  30  2:39  Drone  
  30  2:40  Drone  
  30  2:43  Overlord  
  31  2:47  Zergling x2  
  31  2:54  Zergling x2  
  31  2:55  Zergling x2  
  33  3:05  Zergling x4  
  35  3:09  Zergling x12  
  41  3:16  Zergling x2  
  41  3:18  Zergling x2  
  43  3:22  Roach Warren  
  43  3:27  Zergling x2, Overlord  
  41  3:50  Drone x2  
  41  3:51  Queen  
  41  3:52  Overlord  
  45  4:02  Roach x6  
  57  4:06  Overlord  
  57  4:12  Roach  
  57  4:14  Roach  
  60  4:18  Roach  
  60  4:23  Drone x3  
  64  4:30  Drone x4  
  68  4:38  Drone x2  
  70  4:40  Evolution Chamber  
  70  4:43  Extractor, Drone x2  
  70  4:47  Roach  
  70  4:50  Overlord  
  71  4:54  Roach  
  71  4:56  Overlord  
  71  5:01  Roach  
  73  5:09  Roach x3  
  73  5:12  Roach  
  80  5:18  Overlord  
  80  5:19  Roach  
  82  5:22  Zergling x6  
  84  5:30  Zergling x4, Roach  
  84  5:31  Zergling x2  
  83  5:37  Zergling x6, Roach  
  80  5:44  Zergling x4, Roach  
  80  5:49  Roach x2  
  79  5:52  Roach  
  79  5:54  Roach  
Tags
 
Add a new tag
Caveats
  • Supply blocks, unpowered buildings, or Contaminate may cause inaccurate times.
  • Supply counts are checked every 10 seconds.